 Dungeon Crawl Stone Soup version 0.29.1-12-g30fa7ad0bf (webtiles) character file.

Game seed: 1622988214774337287

125 FaviusArthum the Grave Robber (level 5, -5/35 HPs)
             Began as a Human Necromancer on Jan 8, 2023.
             Slain by vvl's ghost (7 damage)
             ... on level 3 of the Dungeon.
             The game lasted 00:14:37 (3844 turns).

FaviusArthum the Grave Robber (Human Necromancer)   Turns: 3844, Time: 00:14:38

Health: -5/35      AC:  5    Str:  8    XL:     5   Next: 30%
Magic:  0/9        EV: 12    Int: 18    God:
Gold:   137        SH:  5    Dex: 13    Spells: 0/10 levels left

rFire   . . .      SeeInvis .   p - staff of conjuration
rCold   . . .      Faith    .   (no shield)
rNeg    . . .      Spirit   .   a - +0 robe
rPois   .          Reflect  +   (no helmet)
rElec   .          Harm     .   w - +2 cloak
rCorr   .          Rampage  .   (no gloves)
Will    .....                   (no boots)
Stlth   ++........              h - amulet of reflection
HPRegen 0.11/turn               (no ring)
MPRegen 0.11/turn               (no ring)

@: very slightly contaminated
A: no striking features
a: no special abilities


You were on level 3 of the Dungeon.
You visited 1 branch of the dungeon, and saw 3 of its levels.

You collected 137 gold pieces.

Inventory:

Hand Weapons
 d - a +0 club
 f - a +0 dagger
 j - a +0 short sword
 n - the +1 hand axe "Orb Guardian's Curse" {venom, Fly Stlth+}
   (You took it off a goblin on level 2 of the Dungeon)

   It poisons the flesh of those it strikes.
   Fly:       It grants you flight.
   Stlth:     It makes you more stealthy.
Missiles
 e - 10 poisoned darts
 s - 5 datura-tipped darts
 x - 4 boomerangs of dispersal
Armour
 a - a +0 robe (worn)
 m - a +0 ring mail
 w - a +2 cloak (worn)
Magical Staves
 p - a staff of conjuration (weapon)
Jewellery
 h - an amulet of reflection (around neck)
 v - a ring of see invisible
Wands
 q - a wand of flame (21)
Scrolls
 c - 2 scrolls of identify
Potions
 b - a potion of magic
 g - 3 potions of heal wounds
 i - 2 potions of might {unknown}
 k - a potion of lignification
 l - a potion of attraction {unknown}
 o - a potion of resistance {unknown}
 r - a potion of cancellation {unknown}
 t - a potion of haste {unknown}
 u - a potion of mutation {unknown}


   Skills:
 + Level 0.1 Short Blades
 + Level 0.9 Axes
 + Level 2.1 Dodging
 + Level 2.1 Stealth
 + Level 3.0 Spellcasting
 + Level 5.3 Necromancy


You couldn't memorise any spells.
You knew the following spells:

 Your Spells              Type           Power      Damage    Failure   Level
a - Necrotise             Necr           84%        1d8       1%          1
b - Freeze                Ice            8%         1d3       16%         1
c - Vampiric Draining     Necr           21%        2d7       5%          3
d - Shock                 Conj/Air       16%        1d4       16%         1
e - Hailstorm             Conj/Ice       4%         3d4       85%         4

Your spell library contained the following spells:

 Spells                   Type           Power      Damage    Failure   Level
 Animate Dead             Necr           21%        N/A       19%         4
 Frozen Ramparts          Ice            4%         1d1       43%         3
 Swiftness                Air            2%         N/A       43%         3
 Agony                    Necr           21%        N/A       45%         5
 Airstrike                Air            1%         2d(1-17)  85%         4


Dungeon Overview and Level Annotations

Branches:
Dungeon (3/15)

Altars:

Annotations:
D:3 vvl's ghost, amateur DrAE


Message History

Vvl's ghost gestures at you while chanting.
The zap misses you.
Casting: Shock (safe; 16% risk of failure)
Confirm with . or Enter, or press ? or * to list all spells.
Aiming: Shock (safe; 16% risk of failure)
Press: ? - help, Shift-Dir - straight line, f/p - vvl's ghost
Aim: vvl's ghost (55% to hit)
You feel a surge of power!
The zap hits vvl's ghost.
Vvl's ghost is lightly damaged.
The bullfrog hits you.
* * * LOW HITPOINT WARNING * * *
Your adder skeleton barely misses the bullfrog.
Vvl's ghost hits you.
* * * LOW HITPOINT WARNING * * *
The bullfrog hits your adder skeleton.
Your adder skeleton bites the bullfrog.
The bullfrog barely misses your adder skeleton.
Vvl's ghost attacks as you move away! Vvl's ghost closely misses you.
The bullfrog hits your adder skeleton.
Your adder skeleton barely misses the bullfrog.
Casting: Shock (safe; 16% risk of failure)
Confirm with . or Enter, or press ? or * to list all spells.
Aiming: Shock (safe; 16% risk of failure)
Press: ? - help, Shift-Dir - straight line, f/p - vvl's ghost
Aim: vvl's ghost (lightly damaged, 55% to hit)
You feel a surge of power!
You miscast Shock.
You are very lightly contaminated with residual magic.
Nothing appears to happen.
The bullfrog hits your adder skeleton!
Your adder skeleton bites the bullfrog.
The bullfrog hits your adder skeleton.
Your adder skeleton is destroyed!
Vvl's ghost hits you.
* * * LOW HITPOINT WARNING * * *
Casting: Shock (safe; 16% risk of failure)
Confirm with . or Enter, or press ? or * to list all spells.
Aiming: Shock (safe; 16% risk of failure)
Press: ? - help, Shift-Dir - straight line, f/p - vvl's ghost
Aim: vvl's ghost (lightly damaged, 55% to hit)
You feel a surge of power!
The zap hits vvl's ghost.
Vvl's ghost is lightly damaged.
Vvl's ghost hits you!
You die... ### #Pb

############################
#........FW@................
#.#####......###############
#.# #......# # #.# #.#######
# #.# #.'~~~~)~ ### #.#
#.####### #.. #.# #..##.#
######.# #####.###
#####.#########.......
#.......# #..##.........####


You could see a bullfrog and vvl's ghost.

Vanquished Creatures
  5 adders
  A worm (D:2)
  2 dart slugs (D:1)
  3 orcs (D:3)
  14 bats
  2 endoplasms
  4 giant cockroaches
  5 goblins
  4 hobgoblins
  2 quokkas
  7 ball pythons
  A frilled lizard (D:2)
  8 kobolds
  3 rats
61 creatures vanquished.

Vanquished Creatures (collateral kills)
  An endoplasm (D:1)
  2 hobgoblins
  A bat (D:1)
  A frilled lizard (D:3)
5 creatures vanquished.

Grand Total: 66 creatures vanquished

Notes
Turn   | Place    | Note
-------+----------+-------------------------------------------
     0 | D:1      | FaviusArthum the Human Necromancer began the quest for the
                  | Orb.
     0 | D:1      | Reached XP level 1. HP: 13/13 MP: 3/3
    82 | D:1      | Reached XP level 2. HP: 9/19 MP: 0/5
   644 | D:1      | Learned a level 1 spell: Freeze
  1226 | D:1      | Reached XP level 3. HP: 24/24 MP: 2/6
  1269 | D:1      | Found a faded altar of an unknown god.
  1574 | D:1      | Learned a level 3 spell: Vampiric Draining
  1943 | D:2      | Identified the +1 hand axe "Orb Guardian's Curse" {venom,
                  | Fly Stlth+}
  1951 | D:2      | Reached XP level 4. HP: 30/30 MP: 1/7
  2280 | D:2      | Reached skill level 5 in Necromancy
  3036 | D:3      | Noticed a bullfrog
  3037 | D:3      | Found a runed translucent door.
  3228 | D:3      | Reached XP level 5. HP: 35/35 MP: 7/9
  3812 | D:3      | Noticed vvl's ghost (amateur DrAE)
  3818 | D:3      | Learned a level 1 spell: Shock
  3823 | D:3      | Learned a level 4 spell: Hailstorm
  3844 | D:3      | Slain by vvl's ghost

Illustrated notes

Levels and vault maps discovered:
D:1:      psy_arrival_conway, layout_basic, basic_ecumenical_altar,
          minmay_stone_trees_small, st_stairs_11
D:2:      layout_basic, st_stairs_7
D:3:      corexii_shack_village, layout_rooms,
          mainiacjoe_overflow_six_doors_small, serial_aquarium,
          aquarium_bridge_straight [aquarium_subvault_bridge,
          aquarium_subvault_window, aquarium_subvault_bridge,
          aquarium_subvault_wall], aquarium_window_fake, aquarium_window_fake,
          aquarium_window_corridor_2, aquarium_view_2d, ebering_ghost_sewer_d,
          hex_large

Skill      XL: |  1  2  3  4  5 |
---------------+----------------+-----
Necromancy     | 5 |  5.3
Spellcasting   | 3 |  3.0
Short Blades   | |  0.1
Axes           | |  0.9
Dodging        | |  2.1
Stealth        | |  2.1

Action                   |  1- 3 |  4- 6 || total
-------------------------+-------+-------++-------
Melee: Unarmed           |     3 |       ||     3
       Club              |     6 |       ||     6
       Dagger            |    12 |       ||    12
       Punch             |     1 |     2 ||     3
       Hand axe          |       |    49 ||    49
       Staff             |       |     4 ||     4
 Cast: Necrotise         |    46 |    30 ||    76
       Freeze            |     1 |       ||     1
       Shock             |       |     5 ||     5
  Use: Scroll            |       |     2 ||     2
 Stab: Sleeping          |       |     5 ||     5
Armor: Robe              |    14 |    19 ||    33
Dodge: Dodged            |    31 |    63 ||    94
Block: Other             |     2 |    19 ||    21
